 Dungeon Sprint DCSS version 0.32-a0-711-g016ad743e0 (webtiles) character file.

Game seed: 818459713571521788

522 Revguard the Charlatan (level 7, -2/59 HPs)
             Began as a Coglin Gladiator on Mar 15, 2024.
             Was an Initiate of Wu Jian.
             Slain by a shadow wraith (3 damage)
             ... summoned by a mummy priest
             ... in the Dungeon (Sprint V: "Ziggurat Sprint").
             The game lasted 00:03:49 (203 turns).

Revguard the Charlatan (Coglin Gladiator)            Turns: 203, Time: 00:03:49

Health: -2/59      AC: 20    Str: 15    XL:     7   Next: 22%
Magic:  7/7        EV:  8    Int:  7    God:    Wu Jian [......]
Gold:   0          SH:  0    Dex: 17    Spells: 6/6 levels left

rFire   . . .        x - +11 Screaming Sword {sonic wave}
rCold   . . .        y - +5 quick blade {Keminub}
rNeg    . . .        p - +5 shadow dragon scales
rPois   .            c - +0 helmet
rElec   .            (no cloak)
rCorr   .            (no gloves)
SInv    .            (no boots)
Will    .....        (amulet unavailable)
Stlth   ++++         (ring unavailable)
HPRegen 0.29/turn    (ring unavailable)
MPRegen 0.10/turn    (no gizmo)

%: no teleportation
@: spiked
A: off-hand wielding, slow wielding, warmup strikes, no jewellery
a: Invent Gizmo, Renounce Religion


You were in the Dungeon.
You worshipped Wu Jian.
Wu Jian was noncommittal.
You visited 1 branch

Inventory:

Hand Weapons
 x - the +11 Screaming Sword (weapon) {sonic wave}
   (You found it in the Dungeon)
 y - a +5 quick blade (offhand) {Keminub}
Missiles
 d - 3 throwing nets (quivered)
 e - a javelin
Armour
 c - a +0 helmet (worn)
 p - +5 shadow dragon scales (worn)
Wands
 v - a wand of mindburst (7)
 w - a wand of acid (3)
Scrolls
 l - 3 scrolls of blinking
 r - 4 scrolls of amnesia
 s - 7 scrolls of fog
 t - 5 scrolls of identify
 u - 2 scrolls of fear
Potions
 g - 10 potions of curing
 h - 7 potions of heal wounds
 i - 6 potions of haste
 j - 7 potions of magic
 k - 3 potions of berserk rage
 m - 2 potions of brilliance
 n - 2 potions of invisibility
 o - 4 potions of resistance
 q - 5 potions of might


   Skills:
 + Level 6.6 Fighting
 + Level 7.7 Long Blades
 - Level 1.7 Throwing
 + Level 5.6 Armour
 + Level 6.3 Dodging
 + Level 4.7 Stealth
 + Level 7.9 Evocations


You had 6 spell levels left.
You didn't know any spells.
Your spell library was empty.

Dungeon Overview and Level Annotations

Branches:
Dungeon (1/1)

Altars:
Ashenzari
Cheibriados
Dithmenos
Elyvilon
Fedhas
Gozag
Hepliaklqana
Kikubaaqudgha
Makhleb
Nemelex Xobeh
Okawaru
Qazlal
Ru
Sif Muna
Trog
Uskayaw
Vehumet
Wu Jian
Xom
Yredelemnul
Zin
The Shining One
Beogh
Jiyva
Lugonu

Annotations:
D 1 transporter


Innate Abilities, Weirdness & Mutations

You can wield a second weapon in your off-hand.
It takes a long time for you to wield or remove held weapons.
Your first few attacks do less damage.
You cannot equip rings or amulets.


Message History

As you read the scroll of blinking, it crumbles to dust.
The sixfirhy hits you.
* * * LOW HITPOINT WARNING * * *
The sixfirhy shocks you!
* * * LOW HITPOINT WARNING * * *
You feel much better.
The mummy priest mumbles some strange prayers to its god.
The red devil hits you from afar with a +0 trident.
* * * LOW HITPOINT WARNING * * *
Barbed spikes become lodged in your body.
The ynoxinul gestures.
Okay, then.
You feel much better.
The red devil hits you but does no damage.
Something hits you but does no damage.
Deactivating autopickup; reactivate with Ctrl-A.
The mummy priest utters an invocation to its god.
The ynoxinul gestures.
Aiming: Corrosive Bolt
Press: ? - help, Shift-Dir - straight line, f - mummy priest
Aim: a mummy priest (heavily damaged, 84% to hit)
The bolt of acid misses the mummy priest.
The bolt of acid hits the red devil!!
The acid corrodes the red devil!
You kill the red devil!
The red devil disappears in a puff of smoke!
The bolt of acid misses the bat zombie.
The sixfirhy hits you! The sixfirhy shocks you!
* * * LOW HITPOINT WARNING * * *
The sixfirhy hits you but does no damage. x2
The ufetubus hits you but does no damage.
The ufetubus closely misses you. Something hits you but does no damage.
You feel much better.
The sixfirhy hits you but does no damage. x3
The mummy priest hits you! The sixfirhy hits you!
* * * LOW HITPOINT WARNING * * *
The sixfirhy shocks you!
* * * LOW HITPOINT WARNING * * *
The ufetubus hits you but does no damage. x2
Something hits you.
You die...

▓▓▓▓▓▓▓▓▓▓▓▓▓
▓.ßnß{▓.ß©ß.▓
▓.VZM@▓..)..▓
▓..M53▓.).|.▓
▓.Z5M5▓.....▓
▓..535▓.....▓
▓....5▓..©..▓
▓..©..▓▓▓▓▓▓▓
▓▓▓▓▓▓▓


You could see a mummy priest, a sixfirhy (summoned), a ynoxinul (summoned), a
vampire (summoned), a necrophage (summoned), 2 mummies, 6 ufetubi, a bat zombie
(summoned) and a ball python zombie (summoned).

Vanquished Creatures
  A deep elf pyromancer (D)
  An earth elemental (D)
2 creatures vanquished.

Notes
Turn   | Place    | Note
-------+----------+-------------------------------------------
     0 | D        | Revguard the Coglin Gladiator began the quest for the Orb.
     0 | D        | Reached XP level 1. HP: 16/16 MP: 1/1
     0 | D        | Found a shimmering blue altar of Sif Muna.
     0 | D        | Found a sacrificial altar of Ru.
     0 | D        | Found a bloodstained altar of Trog.
     0 | D        | Found a stormy altar of Qazlal.
     0 | D        | Found an iron altar of Okawaru.
     0 | D        | Found a sparkling altar of Nemelex Xobeh.
     0 | D        | Found a blossoming altar of Fedhas.
     0 | D        | Found the +6 Majin-Bo {spellvamp, MP+6 Int+6}
     0 | D        | Found the +27 heavy crossbow "Sniper" {heavy, Acc+∞ SInv}
     0 | D        | Found the +10 dark maul {heavy}
     0 | D        | Found the +15 Maxwell's patent armour {-Cast -Tele rElec
                  | Will+ rCorr}
     0 | D        | Found the +18 shield of the Gong {Loud rN+ Will+ rCorr
                  | EV-5}
     0 | D        | Found the +16 obsidian axe {drain, demonic, Mesm ^Drain Fly
                  | SInv}
     0 | D        | Found the +7 great mace "Firestarter" {flame, immolate,
                  | rFlCloud rF++}
     0 | D        | Found the +6 shillelagh "Devastator" {shatter}
     0 | D        | Found the +11 plutonium sword {^Contam Stlth-}
     0 | D        | Found the +8 lance "Wyrmbane" {slay drac, rPois rF+ rC+
                  | AC+3}
     0 | D        | Found the +9 sword of Zonguldrok {reap}
     0 | D        | Found the +13 scythe of Curses {drain, curses, ^Drain}
     0 | D        | Found the +9 sword of Power {lifebolt}
     0 | D        | Found the +7 mace of Variability {chaos, chaos arc}
     0 | D        | Found the +11 Singing Sword {sonic wave}
     0 | D        | Found the +8 storm bow {elec, penet}
     2 | D        | Found a transporter.
     2 | D        | Found an ancient bone altar of Kikubaaqudgha.
     2 | D        | Found a viscous altar of Jiyva.
     2 | D        | Found a corrupted altar of Lugonu.
     2 | D        | Found a hazy altar of Hepliaklqana.
     2 | D        | Found a burning altar of Makhleb.
     2 | D        | Found an opulent altar of Gozag.
    43 | D        | Reached skill level 5 in Long Blades
    43 | D        | Reached XP level 2. HP: 24/24 MP: 2/2
    73 | D        | Became a worshipper of the Wu Jian Council
    86 | D        | Entered arena 2.
    86 | D        | Noticed a deep elf pyromancer
    86 | D        | Noticed an earth elemental
    86 | D        | Found a transporter.
    89 | D        | Killed a deep elf pyromancer
    90 | D        | Reached skill level 5 in Armour
    90 | D        | Reached XP level 3. HP: 23/35 MP: 3/3
    90 | D        | Reached XP level 4. HP: 27/41 MP: 4/4
    90 | D        | Reached XP level 5. HP: 31/47 MP: 5/5
    90 | D        | Reached XP level 6. HP: 35/53 MP: 6/6
    90 | D        | Reached XP level 7. HP: 39/59 MP: 7/7
   194 | D        | Entered arena 3.
   194 | D        | Noticed a mummy priest
   194 | D        | Found a transporter.
   196 | D        | Noticed a red devil
   196 | D        | Noticed a sixfirhy
   197 | D        | Noticed a sixfirhy
   197 | D        | Noticed a ynoxinul
   199 | D        | HP: 2/59 [sixfirhy[a mummy priest] (12)]
   201 | D        | Noticed a vampire
   203 | D        | Slain by a shadow wraith

Illustrated notes

Levels and vault maps discovered:
D:        sprint_v [room_start, room_1, room_2, room_3, room_4, room_5, room_6,
          room_7, room_8, room_9, room_10, room_11, room_12, room_13, room_14,
          room_15, room_16, room_17, room_18, room_19, room_20, room_21,
          room_22, room_23, room_24, room_25, room_26, room_27]

Skill      XL: |  1  2 |
---------------+-------+-----
Fighting       | 3 6 |  6.6
Long Blades    | 5 7 |  7.7
Armour         | 2 5 |  5.6
Dodging        | 3 6 |  6.3
Evocations     | 3 7 |  7.9
Stealth        | 4 |  4.7
Throwing       | |  1.7

Action                     |  1- 3 |  4- 6 |  7- 9 || total
---------------------------+-------+-------+-------++-------
  Melee: Quick blade       |     3 |       |     4 ||     7
         Double sword      |     2 |       |     2 ||     4
Ability: Lunge             |     1 |       |       ||     1
  Evoke: Wand              |       |       |     4 ||     4
    Use: Potion            |     1 |       |     3 ||     4
         Scroll            |       |       |     1 ||     1
   Stab: Sleeping          |     1 |       |       ||     1
 Armour: Shadow dragon sca |     1 |       |    24 ||    25
  Dodge: Dodged            |       |       |     2 ||     2

Table legend: (Time is in decaauts)
 A = Elapsed time spent in this place.
 B = Non-inter-level travel time spent in this place.
 C = Inter-level travel time spent in this place.
 D = Time resting spent in this place.
 E = Time spent auto-exploring this place.
 F = Levels seen in this place.
 G = Mean time per level.
                   A        B        C        D        E       F      G
               +--------+--------+--------+--------+--------+-----+--------+
         Total |    203 |    203 |      0 |     94 |      0 |   1 |  203.0 |
       Dungeon |    203 |    203 |      0 |     94 |      0 |   1 |  203.0 |
               +--------+--------+--------+--------+--------+-----+--------+

Top non-repeatable levels by time:
       D: 203 daAuts
